 Dungeon Crawl Stone Soup version 0.18-a0-1561-g7b1e397 (webtiles) character file.

218 Espgualade the Skirmisher (level 5, 0/34 HPs)
             Began as a Tengu Ice Elementalist on Mar 12, 2016.
             Slain by a killer bee (5 damage)
             ... on level 3 of the Dungeon.
             The game lasted 00:09:47 (2939 turns).

Espgualade the Skirmisher (Tengu Ice Elementalist)  Turns: 2939, Time: 00:09:47

Health: 0/34       AC:  7    Str:  9    XL:     5   Next: 95%
Magic:  6/18       EV: 12    Int: 21    God:
Gold:   75         SH:  0    Dex: 14    Spells: 3 memorised, 2 levels left

rFire  . . .     SeeInvis .     l - +1 mace (protect)
rCold  . . .     Gourm    .     a - +0 robe
rNeg   . . .     Faith    .     (no shield)
rPois  .         Spirit   .     (helmet restricted)
rElec  .         Dismiss  .     (no cloak)
rCorr  .         Reflect  .     (no gloves)
SustAt .         Harm     .     (boots unavailable)
MR     .....                    (no amulet)
Stlth  ++........               (no ring)
                                j - ring of magical power

@: brilliant, lethally poisoned (0 -> -4), very slightly contaminated, not
resistant to hostile enchantments, unstealthy
A: beak, talons 3, able to fly 1
a: Fly


You were on level 3 of the Dungeon.
You were not hungry.

You visited 1 branch of the dungeon, and saw 3 of its levels.

You collected 75 gold pieces.

Inventory:

Hand Weapons
 l - a +1 mace of protection (weapon)
Armour
 a - a +0 robe (worn)
Jewellery
 j - a ring of magical power (left hand)
Scrolls
 e - 2 scrolls of remove curse
 g - a scroll of fog
 k - a scroll of teleportation
 n - a scroll of random uselessness {unknown}
 o - a scroll of amnesia {unknown}
 q - a scroll of noise {unknown}
Potions
 f - a potion of agility {unknown}
 i - a potion of brilliance
 p - a potion of flight {unknown}
Books
 b - a book of Frost

   Spells                             Type                      Level
   a - Freeze                         Ice                          1
   b - Throw Frost                    Conjuration/Ice              2
   c - Ozocubu's Armour               Charms/Ice                   3
   d - Throw Icicle                   Conjuration/Ice              4
   e - Summon Ice Beast               Ice/Summoning                4
Comestibles
 d - a royal jelly
 h - a slice of pizza
 m - 4 meat rations


   Skills:
 - Level 4.4 Fighting
 + Level 3.2 Maces & Flails
 - Level 2.1 Dodging
 - Level 2.0 Stealth
 - Level 2.0 Spellcasting
 - Level 1.3 Conjurations
 - Level 2.6 Ice Magic


You had 2 spell levels left.
You knew the following spells:

 Your Spells              Type           Power        Failure   Level  Hunger
a - Freeze                Ice            ####         1%          1    #......
b - Throw Frost           Conj/Ice       ###...       1%          2    ##.....
c - Ozocubu's Armour      Chrm/Ice       ###.....     3%          3    ###....


Dungeon Overview and Level Annotations

Branches:
Dungeon (3/15)

Altars:
Cheibriados
Gozag
Sif Muna


Innate Abilities, Weirdness & Mutations

You have a beak for a mouth.
You have claws for feet.
You can fly.


Message History

Okay, then.
Casting: Freeze
Confirm with . or Enter, or press ? or * to list all spells.
Aiming: Freeze
Press: ? - help, Shift-Dir - straight line, f - killer bee
Aim: a killer bee You freeze the killer bee.
The killer bee is moderately wounded.
You feel sick. The killer bee stings you!
* * * LOW HITPOINT WARNING * * *
The killer bee stings you but does no damage.
Casting: Freeze
Confirm with . or Enter, or press ? or * to list all spells.
Aiming: Freeze
Press: ? - help, Shift-Dir - straight line, f/p - killer bee
Aim: a killer bee (moderately wounded)
You freeze the killer bee.
The killer bee is heavily wounded.
The killer bee stings you.
You die...

....#.# #..)....#
...$.# #.......#
b.....# #.......#
#....!.# .
#...†...#
#...(#y# ...
#......##
#....#y.
.....#####..#####
#.........)#
###########.#
#gy@........#
#'###########
#.........#
#.....###.#
#.....+ ##(.?.#
#....# #..<.#
######


You could see a killer bee and a hobgoblin.

Vanquished Creatures
  2 killer bees (D:3)
  7 adders
  3 oozes
  A dart slug (D:2)
  A giant gecko (D:1)
  An orc (D:3)
  2 giant cockroaches
  8 goblins
  7 hobgoblins
  4 kobolds
  A quokka (D:3)
  A ball python (D:1)
  8 bats
  2 giant newts (D:1)
  4 rats (D:2)
52 creatures vanquished.

Notes
Turn   | Place    | Note
--------------------------------------------------------------
     0 | D:1      | Espgualade the Tengu Ice Elementalist began the quest for the Orb.
     0 | D:1      | Reached XP level 1. HP: 10/10 MP: 4/4
    54 | D:1      | Reached skill level 1 in Fighting
   131 | D:1      | Reached XP level 2. HP: 12/16 MP: 1/6
   356 | D:1      | Reached skill level 2 in Fighting
   698 | D:1      | Reached XP level 3. HP: 18/22 MP: 2/7
  1267 | D:2      | Reached skill level 3 in Fighting
  1287 | D:2      | HP: 1/23 [poisoned by an adder]
  1603 | D:2      | Learned a level 2 spell: Throw Frost
  1607 | D:2      | Learned a level 3 spell: Ozocubu's Armour
  1875 | D:2      | Reached XP level 4. HP: 24/28 MP: 5/8
  2180 | D:2      | Reached skill level 4 in Fighting
  2786 | D:3      | Found a deep blue altar of Sif Muna.
  2787 | D:3      | Found a snail-covered altar of Cheibriados.
  2788 | D:3      | Found an opulent altar of Gozag.
  2888 | D:3      | Gained mutation: You can fly. [Tengu growth]
  2888 | D:3      | Reached XP level 5. HP: 31/34 MP: 9/9
  2910 | D:3      | Reached skill level 1 in Maces & Flails
  2939 | D:3      | Slain by a killer bee

Vault maps used:
D:1:      lightli_arrival_quake
D:3:      grunt_temple_overflow_open, led_sif_book

Skill      XL: |  1  2  3  4  5 |
---------------+----------------+-----
Fighting       | 1 2 3 4 |  4.4
Maces & Flails | 3 |  3.2
Dodging        | |  2.1
Stealth        | |  2.0
Spellcasting   | |  2.0
Conjurations   | |  1.3
Ice Magic      | |  2.6

Action                   |  1- 3 |  4- 6 || total
-------------------------+-------+-------++-------
Melee: Whip              |    20 |     9 ||    29
       Mace              |       |    32 ||    32
 Cast: Freeze            |    42 |    44 ||    86
  Use: Scroll            |     4 |     2 ||     6
       Potion            |     1 |     2 ||     3
 Stab: Sleeping          |     3 |     4 ||     7
  Eat: Chunk             |     2 |     2 ||     4
       Bread ration      |     1 |       ||     1
